 Dungeon Crawl Stone Soup version 0.28-a0-1624-g820543e53a (webtiles) character file.

Game seed: 8086213620038302664

1862 timneilson the Covered (level 9, -8/54 HPs)
             Began as a Gargoyle Fighter on Jan 23, 2022.
             Mangled by an orc knight (18 damage)
             ... in a bailey.
             The game lasted 00:12:41 (7348 turns).

timneilson the Covered (Gargoyle Fighter)           Turns: 7348, Time: 00:12:42

Health: -8/54      AC: 26    Str: 25    XL:     9   Next: 13%
Magic:  9/9        EV:  9    Int:  8    God:
Gold:   298        SH: 10    Dex:  9    Spells: 8/8 levels left

rFire   . . .      SeeInvis .   a - +0 long sword (protect)
rCold   . . .      Faith    .   c - +0 buckler
rNeg    + . .      Spirit   .   o - +0 chain mail
rPois   ∞          Reflect  +   k - +0 helmet
rElec   +          Harm     .   t - +0 cloak
rCorr   .          Rampage  .   (no gloves)
Will    .....                   (no boots)
Stlth   ..........              j - amulet of reflection
HPRegen 0.18/turn               (no ring)
MPRegen 0.11/turn               (no ring)

@: mighty, under a protective aura
A: sickness immunity, AC +6, negative energy resistance 1, electricity
resistance, torment resistance 1, petrification resistance
a: no special abilities


You were in a bailey.
You visited 2 branches of the dungeon, and saw 8 of its levels.
You also visited: Sewer and Bailey.

You collected 298 gold pieces.

Inventory:

Hand Weapons
 a - a +0 long sword of protection (weapon)
Armour
 c - a +0 buckler (worn)
 g - a +0 plate armour
 k - a +0 helmet (worn)
 o - a +0 chain mail (worn)
 t - a +0 cloak (worn)
Jewellery
 j - an amulet of reflection (around neck)
 r - an amulet of the acrobat
Wands
 b - a wand of flame (6)
Scrolls
 n - 2 scrolls of teleportation
Potions
 e - 2 potions of heal wounds
 f - a potion of invisibility
 h - a potion of cancellation
 i - 2 potions of magic
 l - 5 potions of flight
 m - 2 potions of curing
 p - a potion of berserk rage {unknown}
 q - a potion of attraction {unknown}


   Skills:
 + Level 5.5 Fighting
 * Level 5.5 Long Blades
 * Level 7.2 Armour
 + Level 3.0 Dodging
 * Level 7.1 Shields


You had 8 spell levels left.
You didn't know any spells.
Your spell library contained the following spells:

 Spells                   Type           Power      Damage    Failure   Level
 Beastly Appendage        Tmut           0%         N/A       97%         1
 Ensorcelled Hibernation  Hex/Ice        0%         N/A       99%         2
 Wereblood                Tmut           0%         N/A       99%         2
 Spider Form              Tmut/Pois      0%         N/A       100%        3
 Anguish                  Hex/Necr       0%         N/A       100%        4


Dungeon Overview and Level Annotations

Branches:
Dungeon (7/15)             Temple (1/1) D:6           Sewer (visited)
 Bailey (1/1)

Altars:
Cheibriados
Dithmenos
Elyvilon
Fedhas
Gozag
Hepliaklqana
Makhleb
Sif Muna
Trog
Uskayaw
Xom
Yredelemnul
The Shining One

Shops:
D:5 *


Innate Abilities, Weirdness & Mutations

You are immune to sickness and miasma.
Your stone body is resilient. (AC +6)
You are immune to poison.
You resist negative energy. (rN+)
You are resistant to electric shocks. (rElec)
You are resistant to unholy torment.
You are immune to petrification.


Message History

The orc knight is severely wounded.
You block the orc knight's attack. The kobold hits you but does no damage.
The orc knight hits you but does no damage.
The kobold hits you but does no damage.
You hit the orc knight but do no damage.
The orc knight is severely wounded.
The orc knight barely misses you. You block the kobold's attack.
You hit the orc knight but do no damage.
The orc knight is severely wounded.
The orc knight hits you but does no damage.
The kobold barely misses you.
You barely miss the orc knight.
The orc knight is severely wounded.
The orc knight closely misses you.
The kobold splashes around in the water.
You slash the orc knight!
The orc knight is almost dead.
The orc knight hits you with a +0 war axe.
The kobold splashes around in the water.
You hit the orc knight.
The orc knight is almost dead.
The orc knight hits you with a +0 war axe!
* * * LOW HITPOINT WARNING * * *
The kobold hits you but does no damage.
The orc knight hits you but does no damage.
The kobold hits you but does no damage.
You barely miss the orc knight.
The orc knight is almost dead.
The orc knight hits you with a +0 war axe.
* * * LOW HITPOINT WARNING * * *
You block the kobold's attack.
You completely miss the orc knight.
The orc knight is almost dead.
The orc knight hits you but does no damage.
The kobold splashes around in the water.
Unknown command.
You barely miss the orc knight.
The orc knight is almost dead.
The orc knight hits you with a +0 war axe!!
You die...

... ♣# ... ♣.# ...
♣♣..###'# ♣...≈≈≈.#
♣...≈≈≈(# ∩...≈≈≈o#
♣...≈≈Ko# ♣...≈≈≈@#
8...8.. ♣♣..###'#
........≈ ♣.##...#
!8o..8?)≈ ♣##....##
≈#####≈≈ #.
##......####...####..
#....................
#..8..8.............8
#.........(.........
##..................


You could see an orc knight, an orc warrior (strong) and a kobold.

Vanquished Creatures
  A wyvern (D:6)
  A sky beast (D:6)
  An ice beast (D:5)
  3 centaurs
  A phantom (D:5)
  A bullfrog (D:6)
  A gnoll sergeant (D:6)
  A wyvern zombie (D:6)
  2 scorpions (D:6)
  A howler monkey (D:6)
  3 bullfrog zombies
  A jelly (D:6)
  2 bullfrog skeletons
  2 centaur skeletons
  3 hounds
  2 iguanas
  A merfolk avatar (Sewer)
  A merfolk siren (Sewer)
  2 hound skeletons (D:5)
  13 gnolls
  2 river rats (Sewer)
  14 adders
  A shadow imp (D:5)
  3 ufetubi
  2 dart slugs
  2 orcs
  6 bats
  11 endoplasms
  8 giant cockroaches
  13 goblins
  12 hobgoblins
  8 jackals
  10 kobolds
  6 quokkas
  16 ball pythons
  6 frilled lizards
  24 rats
187 creatures vanquished.

Vanquished Creatures (others)
  A plant (D:2)
1 creature vanquished.

Grand Total: 188 creatures vanquished

Notes
Turn   | Place    | Note
-------+----------+-------------------------------------------
     0 | D:1      | timneilson the Gargoyle Fighter began the quest for the
                  | Orb.
     0 | D:1      | Reached XP level 1. HP: 14/14 MP: 1/1
   119 | D:1      | Reached XP level 2. HP: 19/19 MP: 2/2
   628 | D:1      | Reached XP level 3. HP: 23/23 MP: 3/3
  1415 | D:2      | Reached XP level 4. HP: 28/28 MP: 4/4
  2398 | D:2      | Reached XP level 5. HP: 31/33 MP: 5/5
  2711 | D:3      | Reached skill level 1 in Dodging
  3433 | D:4      | Reached XP level 6. HP: 36/38 MP: 6/6
  4162 | D:5      | Entered Level 5 of the Dungeon
  4255 | D:5      | Reached skill level 5 in Armour
  4432 | D:5      | Found Citazxam's Assorted Antiques.
  4444 | D:5      | Reached skill level 5 in Shields
  4683 | D:5      | Reached XP level 7. HP: 40/43 MP: 7/7
  4835 | D:5      | Found a shadowy altar of Dithmenos.
  4838 | D:5      | Found a shimmering blue altar of Sif Muna.
  4841 | D:5      | Found a blossoming altar of Fedhas.
  5354 | D:6      | Found a hazy altar of Hepliaklqana.
  5387 | D:6      | Found a staircase to the Ecumenical Temple.
  5398 | Temple   | Entered the Ecumenical Temple
  5524 | D:6      | Found a glowing drain.
  5533 | Sewer    | Entered a sewer
  5638 | Sewer    | Reached XP level 8. HP: 48/48 MP: 8/8
  6148 | D:6      | Reached skill level 5 in Fighting
  6436 | D:6      | Reached skill level 5 in Long Blades
  6969 | D:6      | Noticed a wyvern
  6985 | D:6      | Killed a wyvern
  6986 | D:6      | Reached XP level 9. HP: 50/54 MP: 9/9
  7133 | D:7      | Found a flagged portal.
  7144 | Bailey   | Entered a bailey
  7308 | Bailey   | Noticed an orc warlord
  7322 | Bailey   | Noticed an orc knight
  7348 | Bailey   | Mangled by an orc knight

Illustrated notes

Levels and vault maps discovered:
D:1:      psy_arrival_terrarium, layout_basic, minmay_split_cup_large
D:2:      layout_loops_corners, kennysheep_cross_room, serial_bayou_pond_c,
          minmay_heptomino_o4
D:3:      layout_rooms
D:4:      layout_gridville
D:5:      layout_basic, grunt_temple_overflow_diamond, serial_shops,
          nicolae_shop_stone, eino_tiny_chamber
D:6:      layout_basic, nicolae_overflow_crystal_walls,
          minmay_temple_entry_statues, portal_sewer_entry_d,
          grunt_decor_one_mirror, minmay_parallelograms, st_stairs_8,
          minmay_misc_feat_chi
D:7:      layout_loops_ring, general_overflow_altar,
          mainiacjoe_overflow_boulevard, lemuel_doored_altar, enter_bailey_3
Temple:   compressed_dpeg_triangle_lava_temple
Bailey:   bailey_axe_bossmonster_kennysheep, bailey

Skill      XL: |  1  2  3  4  5  6  7  8  9 |
---------------+----------------------------+-----
Long Blades    | 2 3 4 5 |  5.5
Armour         | 4 5 7 |  7.2
Shields        | 4 5 6 7 |  7.1
Dodging        | 1 2 3 |  3.0
Fighting       | 4 5 |  5.5

Action                   |  1- 3 |  4- 6 |  7- 9 || total
-------------------------+-------+-------+-------++-------
Melee: Long sword        |   111 |   304 |   340 ||   755
  Use: Scroll            |     3 |     5 |     3 ||    11
       Potion            |       |       |     1 ||     1
Armor: Scale mail        |    81 |   148 |       ||   229
       Chain mail        |       |    73 |   210 ||   283
Dodge: Dodged            |    54 |   137 |   126 ||   317
Block: Buckler           |    22 |   158 |   252 ||   432
       Reflection        |       |     1 |    10 ||    11

Table legend: (Time is in decaauts)
 A = Elapsed time spent in this place.
 B = Non-inter-level travel time spent in this place.
 C = Inter-level travel time spent in this place.
 D = Time resting spent in this place.
 E = Time spent auto-exploring this place.
 F = Levels seen in this place.
 G = Mean time per level.
                   A        B        C        D        E       F      G
               +--------+--------+--------+--------+--------+-----+--------+
         Total |   7615 |   7427 |    188 |    353 |   4887 |  10 |  761.5 |
       Dungeon |   6811 |   6623 |    188 |    231 |   4720 |   7 |  973.0 |
        Temple |     79 |     79 |      0 |      0 |      0 |   1 |   79.0 |
         Sewer |    513 |    513 |      0 |      0 |    167 |   1 |  513.0 |
        Bailey |    211 |    211 |      0 |    122 |      0 |   1 |  211.0 |
               +--------+--------+--------+--------+--------+-----+--------+

Top non-repeatable levels by time:
     D:2: 1575 daAuts
     D:6: 1233 daAuts
     D:5: 1209 daAuts
     D:1: 1206 daAuts
     D:4: 824 daAuts
     D:3: 681 daAuts
   Sewer: 513 daAuts
  Bailey: 211 daAuts
     D:7: 80 daAuts
  Temple: 79 daAuts
